 Dungeon Crawl Stone Soup version 0.18.1-5-g4a78601 (webtiles) character file.

71 varam the Ruffian (level 4, -2/40 HPs)
             Began as a Troll Transmuter on May 9, 2016.
             Was an Initiate of Okawaru.
             Slain by an adder (5 damage)
             ... on level 2 of the Dungeon.
             The game lasted 00:06:38 (1993 turns).

varam the Ruffian (Troll Transmuter)                Turns: 1993, Time: 00:06:39

Health: -2/40      AC:  5    Str: 19    XL:     4   Next: 5%
Magic:  4/6        EV: 11    Int:  9    God:    Okawaru [......]
Gold:   133        SH:  0    Dex: 10    Spells: 2 memorised, 3 levels left

rFire  . . .     SeeInvis .       - Unarmed
rCold  . . .     Gourm    +     b - +0 robe
rNeg   . . .     Faith    .     (no shield)
rPois  .         Spirit   .     (helmet restricted)
rElec  .         Dismiss  .     (no cloak)
rCorr  .         Reflect  .     (gloves unavailable)
SustAt .         Harm     .     (boots unavailable)
MR     .....                    (no amulet)
Stlth  +.........               (no ring)
                                r - +2 ring of evasion

@: lethally poisoned (-2 -> -7), appendage (expiring), very slightly
contaminated, not resistant to hostile enchantments, very unstealthy
A: unfitting armour, claws 3, talons 3, fast metabolism 3, gourmand,
regeneration 2, shaggy fur 1, tough skin 2
a: End Transformation, Renounce Religion


You were on level 2 of the Dungeon.
You worshipped Okawaru.
Okawaru was noncommittal.
You were very full.
You had grown temporary talons.
You visited 1 branch of the dungeon, and saw 4 of its levels.

You collected 133 gold pieces.

Inventory:

Missiles
 a - 73 arrows
 s - 8 tomahawks (quivered)
 u - 73 stones
Armour
 b - a +0 robe (worn)
Jewellery
 r - a +2 ring of evasion (left claw)
Scrolls
 e - a scroll of enchant armour {unknown}
 g - 4 scrolls of remove curse {unknown}
 h - 3 scrolls of teleportation {unknown}
 j - a scroll of amnesia {unknown}
 k - 3 scrolls of noise {unknown}
 o - a scroll of identify {unknown}
Potions
 i - a potion of mutation {unknown}
 m - 2 potions of curing {unknown}
 n - a potion of brilliance {unknown}
 p - 2 potions of heal wounds {unknown}
Books
 c - a book of Changes

   Spells                             Type                      Level
   a - Beastly Appendage              Transmutation                1
   b - Sticks to Snakes               Transmutation                2
   c - Spider Form                    Transmutation/Poison         3
   d - Ice Form                       Ice/Transmutation            4
   e - Blade Hands                    Transmutation                5
 l - a book of the Warp

   Spells                             Type                      Level
   a - Recall                         Summoning/Translocation      3
   b - Gell's Gravitas                Hexes/Translocation          3
   c - Force Lance                    Conjuration/Translocation    4
   d - Warp Weapon                    Charms/Translocation         5
   e - Summon Forest                  Summoning/Translocation      5
Comestibles
 d - 4 bread rations
 f - a meat ration
 q - a beef jerky


   Skills:
 - Level 0.7 Fighting
 - Level 1.5 Dodging
 + Level 3.9 Unarmed Combat
 - Level 2.1 Spellcasting
 + Level 1.5 Transmutations


You had 3 spell levels left.
You knew the following spells:

 Your Spells              Type           Power        Failure   Level  Hunger
a - Beastly Appendage     Trmt           #.....       17%         1    ##.....
b - Spider Form           Trmt/Pois      #.........   80%         3    ####...


Dungeon Overview and Level Annotations

Branches:
Dungeon (4/15)
 Temple: D:4-7

Altars:
Makhleb
Okawaru
Vehumet
Xom


Innate Abilities, Weirdness & Mutations

You are too large for most types of armour.
You have claws for hands.
Your metabolism is lightning-fast.
You like to eat raw meat.
You heal very quickly.
You are covered in fur (AC +1).
You have very tough skin (AC +2).
You have claws for feet.


Message History

The adder poisons you!
You barely miss the adder. Your kick misses the adder.
You feel sick. The adder bites you.
* * * LOW HITPOINT WARNING * * *
The adder bites you but does no damage.
You barely miss the adder. You claw the adder.
The adder is moderately wounded.
Your transformation is almost over.
You feel sick. The adder bites you.
* * * LOW HITPOINT WARNING * * *
You are more poisoned.
The adder poisons you! The adder bites you.
* * * LOW HITPOINT WARNING * * *
The adder closely misses you.
Unknown command.
You closely miss the adder.
The adder is moderately wounded.
* * * LOW HITPOINT WARNING * * *
You feel sick. The adder bites you.
You die...

#.##...# #......# #....#⌠.≈
##.###.#####.####.###.#.###..
#.......#.......(.....#.# ##÷
####)####.##.####.#.....####'
#.#....##.# #.#.......#≈.
#.#.#####.# #....#..####'
#.#.# #.# ###.##..####. #.#.#
#S# #.##...##.. #...# #@#
#.##.###⌠.≈ ##### #S#
#.##...##..
#.######.########_ #........#
## ########## #. #. #. #. ##


You could see 2 adders.

Vanquished Creatures
  An adder (D:2)
  An adder zombie (D:4)
  2 dart slugs (D:2)
  3 giant geckos
  3 orcs (D:3)
  5 goblins
  2 hobgoblins
  4 jackals (D:2)
  9 kobolds
  A quokka (D:2)
  8 bats
  8 rats
47 creatures vanquished.

Notes
Turn   | Place    | Note
--------------------------------------------------------------
     0 | D:1      | varam the Troll Transmuter began the quest for the Orb.
     0 | D:1      | Reached XP level 1. HP: 18/18 MP: 1/1
   114 | D:1      | Reached XP level 2. HP: 26/26 MP: 1/3
   798 | D:2      | Reached XP level 3. HP: 32/32 MP: 2/4
   881 | D:2      | Found an iron altar of Okawaru.
   904 | D:2      | Became a worshipper of Warmaster Okawaru
  1120 | D:2      | Found a radiant altar of Vehumet.
  1395 | D:2      | Learned a level 3 spell: Spider Form
  1436 | D:2      | Found a burning altar of Makhleb.
  1437 | D:2      | Found a shimmering altar of Xom.
  1678 | D:3      | Reached XP level 4. HP: 36/40 MP: 4/6
  1993 | D:2      | Slain by an adder

Skill      XL: |  1  2  3 |
---------------+----------+-----
Spellcasting   | 2 |  2.1
Fighting       | |  0.7
Dodging        | |  1.5
Unarmed Combat | |  3.9
Transmutations | |  1.5

Action                   |  1- 3 |  4- 6 || total
-------------------------+-------+-------++-------
Melee: Unarmed           |   101 |    10 ||   111
       Headbutt          |     7 |       ||     7
       Kick              |     1 |     1 ||     2
       Punch             |     1 |       ||     1
 Cast: Beastly Appendage |    28 |     2 ||    30
 Stab: Sleeping          |     1 |       ||     1
  Eat: Chunk             |    20 |     3 ||    23
Armor: Robe              |    43 |     1 ||    44
Dodge: Dodged            |    49 |     6 ||    55
